 Dungeon Crawl Stone Soup version 0.30-a0-782-ge64f9170bb (webtiles) character file.

Game seed: 660673174045391952

298 Dirtsage the Slasher (level 6, -5/44 HPs)
             Began as a Vampire Gladiator on Mar 3, 2023.
             Slain by an ogre
             ... wielding a +0 giant club
              (28 damage)
             ... on level 4 of the Dungeon.
             The game lasted 00:07:04 (2372 turns).

Dirtsage the Slasher (Vampire Gladiator)            Turns: 2372, Time: 00:07:04

Health: -5/44      AC:  6    Str: 13    XL:     6   Next: 13%
Magic:  6/6        EV: 13    Int: 10    God:
Gold:   126        SH:  5    Dex: 18    Spells: 5/5 levels left

rFire   . . .      SeeInvis +    a - +0 long sword
rCold   . . .      Faith    .    (no shield)
rNeg    . . .      Spirit   .    b - +0 leather armour
rPois   .          Reflect  +    c - +0 helmet
rElec   .          Harm     .    (no cloak)
rCorr   .          Rampage  .    s - +0 pair of gloves
Will    .....                    n - +0 pair of boots
Stlth   +++                      o - amulet of reflection
HPRegen 0.47/turn                (no ring)
MPRegen 0.10/turn                (no ring)

@: healing quickly
A: alive, fangs 3, see invisible, vampiric 2
a: Exsanguinate


You were on level 4 of the Dungeon.
You visited 1 branch of the dungeon, and saw 4 of its levels.

You collected 148 gold pieces.
You spent 22 gold pieces at shops.

Inventory:

Hand Weapons
 a - a +0 long sword (weapon)
Missiles
 e - a javelin
 l - 4 throwing nets (quivered)
Armour
 b - a +0 leather armour (worn)
 c - a +0 helmet (worn)
 n - a +0 pair of boots (worn)
 s - a +0 pair of gloves (worn)
Magical Staves
 k - a staff of death
 r - a staff of fire
 G - a staff of air
Jewellery
 o - an amulet of reflection (around neck)
 w - an amulet of magic regeneration
 C - a ring of magical power
Scrolls
 g - 2 scrolls of fear
 i - a scroll of identify
 p - 3 scrolls of enchant weapon {unknown}
 t - 2 scrolls of teleportation
 v - a scroll of enchant armour {unknown}
 y - a scroll of acquirement {unknown}
 B - 2 scrolls of blinking
 E - a scroll of poison {unknown}
 F - a scroll of amnesia {unknown}
Potions
 d - 2 potions of might
 f - a potion of attraction
 h - 3 potions of haste
 j - 2 potions of resistance {unknown}
 m - 3 potions of mutation {unknown}
 q - 3 potions of curing
 u - 2 potions of heal wounds {unknown}
 x - a potion of flight {unknown}
 z - 2 potions of invisibility {unknown}
 A - a potion of lignification {unknown}
 D - a potion of ambrosia {unknown}
 H - a potion of magic {unknown}
 I - a potion of berserk rage {unknown}


   Skills:
 - Level 1.7 Fighting
 * Level 5.9 Long Blades
 - Level 1.5 Throwing
 - Level 3.2 Dodging
 + Level 5.3 Stealth


You had 5 spell levels left.
You didn't know any spells.
Your spell library contained the following spells:

 Spells                   Type           Power      Damage    Failure   Level
 Magic Dart               Conj           0%         1d3       43%         1
 Call Imp                 Summ           0%         N/A       58%         2
 Sublimation of Blood     Necr           0%         N/A       58%         2
 Wereblood                Tmut           0%         N/A       58%         2
 Mephitic Cloud           Conj/Pois/Air  0%         N/A       82%         3
 Summon Hydra             Summ           0%         N/A       100%        7


Dungeon Overview and Level Annotations

Branches:
Dungeon (4/15)
 Temple: D:4-7

Altars:

Shops:
D:1 [(   D:2 *!:=(   D:3 !


Innate Abilities, Weirdness & Mutations

Your natural rate of healing is accelerated.
You have razor-sharp teeth.
You have supernaturally acute eyesight. (SInv)
You are afflicted with vampirism and can become a bat while bloodless.


Message History

The iguana is moderately wounded.
The iguana closely misses you.
You closely miss the iguana.
The iguana is moderately wounded.
The iguana bites you.
You slash the iguana!
The iguana is almost dead.
The iguana bites you.
You take 3 damage, and have 34/44 hp.
You barely miss the iguana.
The iguana is almost dead.
The iguana bites you!
You take 8 damage, and have 26/44 hp.
You barely miss the iguana.
The iguana is almost dead.
You block the iguana's attack.
You hit the iguana but do no damage.
The iguana is almost dead.
The iguana bites you.
You take 2 damage, and have 24/44 hp.
You barely miss the iguana.
The iguana is almost dead.
The iguana barely misses you.
You closely miss the iguana.
The iguana is almost dead.
The iguana completely misses you.
You closely miss the iguana.
The iguana is almost dead.
The iguana bites you. You block the iguana's attack.
You take 4 damage, and have 21/44 hp.
You closely miss the iguana. You bite the iguana.
The iguana is almost dead.
The iguana closely misses you.
You slash the iguana!
You kill the iguana!
You hit the ogre. You bite the ogre.
The ogre is lightly wounded.
The ogre hits you with a +0 giant club!!
Ouch! That really hurt!
You die...

# .##.......##.# #...........#
# ##........#..###.#
....####..#l.....#
..........#....###
##.###OO....#.# #.#.##.#.#
############.#.#..# #
.......@OO...#.#l.# #
###############..#.#O##.#
######................#..l...#
...)....############†####O####
........#.# #.......# #.#
........#.#####.......#
#l#######
####+##.#.............#
#.l.OOO..
##+##.#'########'##############
#...#.....# #......<.#


You could see 2 ogres.

Vanquished Creatures
  A crimson imp (D:4)
  Terence (D:3)
  An iguana (D:4)
  Natasha (thrice) (D:3)
  2 gnolls (D:2)
  4 adders
  2 worms
  2 dart slugs (D:1)
  An orc (D:3)
  3 ball pythons
  9 endoplasms
  3 giant cockroaches
  5 hobgoblins
  4 jackals
  5 quokkas
  6 bats
  2 frilled lizards (D:1)
  8 goblins
  2 goblin skeletons (D:4)
  2 goblin zombies (D:4)
  2 hobgoblin zombies (D:4)
  2 kobolds
  A kobold skeleton (D:4)
  A kobold zombie (D:4)
  An orc skeleton (D:4)
  4 orc zombies (D:4)
  5 rats
82 creatures vanquished.

Vanquished Creatures (others)
  4 plants (D:2)
4 creatures vanquished.

Grand Total: 86 creatures vanquished

Notes
Turn   | Place    | Note
-------+----------+-------------------------------------------
     0 | D:1      | Dirtsage the Vampire Gladiator began the quest for the Orb.
     0 | D:1      | Reached XP level 1. HP: 16/16 MP: 1/1
    56 | D:1      | Found Ysyuvybb's Weapon Shop.
    67 | D:1      | Reached skill level 1 in Stealth
   125 | D:1      | Reached XP level 2. HP: 22/22 MP: 2/2
   193 | D:1      | Found Iguruhia's Antique Armour Shop.
   587 | D:1      | Gained mutation: You are afflicted with vampirism and can
                  | become a bat while bloodless. [Vampire growth]
   587 | D:1      | Reached XP level 3. HP: 26/27 MP: 3/3
   701 | D:1      | Found Zigyhur's General Store.
   854 | D:2      | Found Raveoz's Jewellery Shop.
  1005 | D:2      | Found Yduuddei's Distillery.
  1010 | D:2      | Found Ginasae's General Store.
  1018 | D:2      | Bought a scroll of identify for 22 gold pieces
  1089 | D:2      | Found Zofrijabur's Book Shoppe.
  1171 | D:2      | Found Aless's Weapon Shoppe.
  1200 | D:2      | Reached XP level 4. HP: 28/33 MP: 4/4
  1275 | D:2      | Found a faded altar of an unknown god.
  1448 | D:3      | Noticed Natasha
  1452 | D:3      | Found Huipitidu's Distillery.
  1455 | D:3      | Killed Natasha
  1513 | D:3      | Noticed Natasha
  1521 | D:3      | Killed Natasha
  1522 | D:3      | Reached skill level 5 in Long Blades
  1522 | D:3      | Reached XP level 5. HP: 33/38 MP: 5/5
  1558 | D:3      | Noticed Natasha
  1575 | D:3      | Killed Natasha
  1620 | D:3      | Noticed Terence
  1626 | D:3      | Killed Terence
  2018 | D:4      | Noticed an ogre
  2018 | D:4      | Noticed an ogre
  2028 | D:4      | Noticed an ogre
  2202 | D:4      | Reached skill level 5 in Stealth
  2202 | D:4      | Reached XP level 6. HP: 44/44 MP: 6/6
  2372 | D:4      | Slain by an ogre

Illustrated notes

Levels and vault maps discovered:
D:1:      matt_arrival_spirals, layout_basic, serial_shops, shop,
          nicolae_shop_stone, nicolae_shop_waterfront, nrook_uturn
D:2:      layout_basic, serial_shops, nicolae_shop_bloodbath_and_beyond,
          nicolae_lakefront_shop, shop, nicolae_shop_window_shopping,
          nicolae_shop_trees, shapermc_ecumenical_altar_acropolis,
          bh_walls_and_bars
D:3:      layout_basic, serial_shops, nicolae_square_shop,
          minmay_misc_feat_more_columns, chequers_serial_rivers_marsh,
          uniq_natasha, uniq_terence
D:4:      layout_basic, cheibriados_altar_1, nicolae_tso_besieged_by_evil,
          minmay_temple_entry_fiery, minmay_vboxes

Skill      XL: |  1  2  3  4  5 |
---------------+----------------+-----
Stealth        | 1 2 3 4 5 |  5.3
Long Blades    | 4 5 |  5.9
Fighting       | |  1.7
Throwing       | |  1.5
Dodging        | |  3.2

Action                     |  1- 3 |  4- 6 || total
---------------------------+-------+-------++-------
  Melee: Long sword        |    99 |   127 ||   226
         Bite              |    15 |    16 ||    31
  Throw: Throwing net      |       |     1 ||     1
    Use: Scroll            |     6 |     1 ||     7
   Stab: Sleeping          |     7 |     7 ||    14
         Distracted        |       |     1 ||     1
         Held in net/web   |       |     1 ||     1
 Armour: Leather armour    |    26 |    36 ||    62
  Dodge: Dodged            |    66 |    80 ||   146
  Block: Other             |     7 |    28 ||    35

Table legend: (Time is in decaauts)
 A = Elapsed time spent in this place.
 B = Non-inter-level travel time spent in this place.
 C = Inter-level travel time spent in this place.
 D = Time resting spent in this place.
 E = Time spent auto-exploring this place.
 F = Levels seen in this place.
 G = Mean time per level.
                   A        B        C        D        E       F      G
               +--------+--------+--------+--------+--------+-----+--------+
         Total |   2418 |   2374 |     44 |     51 |   1652 |   4 |  604.5 |
       Dungeon |   2418 |   2374 |     44 |     51 |   1652 |   4 |  604.5 |
               +--------+--------+--------+--------+--------+-----+--------+

Top non-repeatable levels by time:
     D:1: 874 daAuts
     D:3: 595 daAuts
     D:2: 518 daAuts
     D:4: 429 daAuts
